 Dungeon Crawl Stone Soup version 0.29-a0-88-g03a7b78be7 (webtiles) character file.

Game seed: 11222882542595241601

60 drugrobin the Poker (level 3, 0/29 HPs)
             Began as a Demigod Warper on Feb 5, 2022.
             Succumbed to an adder's poison
             ... on level 2 of the Dungeon.
             The game lasted 00:02:36 (1492 turns).

drugrobin the Poker (Demigod Warper)                Turns: 1492, Time: 00:02:37

Health: 0/29       AC:  6    Str: 16    XL:     3   Next: 57%
Magic:  8/8        EV:  9    Int: 15    God:
Gold:   38         SH:  0    Dex: 13    Spells: 3/5 levels left

rFire   . . .      SeeInvis .   a - +0 spear
rCold   . . .      Faith    .   (no shield)
rNeg    . . .      Spirit   .   e - +0 scale mail
rPois   .          Reflect  .   (no helmet)
rElec   .          Harm     .   (no cloak)
rCorr   .          Rampage  .   (no gloves)
Will    .....                   (no boots)
Stlth   ..........              (no amulet)
HPRegen 0.09/turn               (no ring)
MPRegen 0.11/turn               (no ring)

@: brilliant, lethally poisoned (0 -> -2), invisible
A: high MP 1, forlorn, divine attributes
a: no special abilities


You were on level 2 of the Dungeon.
You visited 1 branch of the dungeon, and saw 2 of its levels.

You collected 38 gold pieces.

Inventory:

Hand Weapons
 a - a +0 spear (weapon)
Missiles
 d - 5 boomerangs of dispersal
 f - 21 sling bullets
 i - 28 stones (quivered)
Armour
 b - a +0 leather armour
 e - a +0 scale mail (worn)
Scrolls
 c - a scroll of blinking
 g - a scroll of enchant weapon {unknown}
 j - a scroll of teleportation {unknown}
 l - a scroll of magic mapping {unknown}


   Skills:
 - Level 1.7 Fighting
 + Level 3.8 Polearms
 - Level 0.8 Throwing
 - Level 0.8 Armour
 - Level 1.7 Dodging
 - Level 1.7 Spellcasting
 - Level 2.6 Translocations


You had 3 spell levels left.
You knew the following spells:

 Your Spells              Type           Power      Damage    Failure   Level
b - Blink                 Tloc           28%        N/A       41%         2

Your spell library contained the following spells:

 Spells                   Type           Power      Damage    Failure   Level
 Gell's Gravitas          Tloc           14%        N/A       65%         3
 Lesser Beckoning         Tloc           14%        N/A       65%         3
 Teleport Other           Tloc           14%        N/A       65%         3
 Manifold Assault         Tloc           14%        N/A       100%        5


Dungeon Overview and Level Annotations

Branches:
Dungeon (2/15)


Innate Abilities, Weirdness & Mutations

You have an increased reservoir of magic. (+10% MP)
You shall have no god before yourself.
Your divine heritage dramatically boosts your attributes as you level up.


Message History

The adder poisons you!
You hit the adder.
The adder is lightly wounded.
You feel sick. The adder bites you but does no damage.
You hit the adder.
The adder is heavily wounded.
The adder barely misses you. The adder bites you.
Unknown command.
You hit the adder.
The adder is severely wounded.
You feel sick. The adder bites you.
You miss the adder.
The adder is heavily wounded.
You feel sick. The adder bites you.
You are more poisoned.
The adder poisons you!
You closely miss the adder.
The adder is heavily wounded.
You feel sick. The adder bites you.
You hit the adder but do no damage.
The adder is heavily wounded.
* * * LOW HITPOINT WARNING * * *
You feel sick. The adder completely misses you.
You miss the adder.
The adder is heavily wounded.
You feel sick. The adder closely misses you.
The adder bites you but does no damage.
You closely miss the adder.
The adder is heavily wounded.
You feel sick. The adder bites you.
* * * LOW HITPOINT WARNING * * *
You hit the adder.
You kill the adder!
It was a potion of invisibility.
You fade into invisibility!
* * * LOW HITPOINT WARNING * * *
You feel sick.
It was a potion of brilliance.
You feel clever all of a sudden.
You die...

#.# ####†# #....#
#####.##.#
#........#
#.###.#######
.#.###. #........
.......###.>######
...(..()@)(.#
.#.###.###.## #.
#.# .. #.# ##. #.#
#. #.# #. #.# #.
#.#


There were no monsters in sight!

Vanquished Creatures
  2 adders (D:2)
  5 ball pythons
  3 bats
  5 endoplasms (D:1)
  A giant cockroach (D:1)
  6 hobgoblins (D:1)
  2 jackals (D:2)
  3 frilled lizards (D:1)
  6 goblins
  A kobold (D:2)
  5 rats
39 creatures vanquished.

Notes
Turn   | Place    | Note
-------+----------+-------------------------------------------
     0 | D:1      | drugrobin the Demigod Warper began the quest for the Orb.
     0 | D:1      | Reached XP level 1. HP: 17/17 MP: 5/5
    53 | D:1      | Reached skill level 2 in Polearms
   423 | D:1      | Reached XP level 2. HP: 24/24 MP: 7/7
   428 | D:1      | Learned a level 2 spell: Blink
   677 | D:1      | Reached skill level 3 in Polearms
  1194 | D:2      | Reached XP level 3. HP: 13/29 MP: 8/8
  1491 | D:2      | HP: 1/29 [poisoned by an adder]
  1492 | D:2      | Succumbed to an adder's poison

Illustrated notes

Levels and vault maps discovered:
D:1:      dpeg_arrival_central, layout_basic, basic_ecumenical_altar,
          minivault_23
D:2:      layout_loops_ring, basic_altar, wad_floor_pattern_untrapped

Skill      XL: |  1  2 |
---------------+-------+-----
Polearms       | 2 3 |  3.8
Fighting       | |  1.7
Throwing       | |  0.8
Armour         | |  0.8
Dodging        | |  1.7
Spellcasting   | |  1.7
Translocations | |  2.6

Action                   || total
-------------------------++-------
Melee: Spear             ||   148
       Punch             ||     1
Throw: Stone             ||     6
  Use: Potion            ||     2
Armor: Scale mail        ||    54
Dodge: Dodged            ||    40

Table legend: (Time is in decaauts)
 A = Elapsed time spent in this place.
 B = Non-inter-level travel time spent in this place.
 C = Inter-level travel time spent in this place.
 D = Time resting spent in this place.
 E = Time spent auto-exploring this place.
 F = Levels seen in this place.
 G = Mean time per level.
                   A        B        C        D        E       F      G
               +--------+--------+--------+--------+--------+-----+--------+
         Total |   1485 |   1454 |     31 |    378 |    747 |   2 |  742.5 |
       Dungeon |   1485 |   1454 |     31 |    378 |    747 |   2 |  742.5 |
               +--------+--------+--------+--------+--------+-----+--------+

Top non-repeatable levels by time:
     D:1: 1149 daAuts
     D:2: 335 daAuts
